 Dungeon Sprint DCSS version 0.28.0-53-g5a82cb258f (webtiles) character file.

Game seed: 1844661288064757704

3238 Groucho the Unseen (level 9, -3/39 HPs)
             Began as a Spriggan Enchanter on June 5, 2022.
             Was a Priest of Dithmenos.
             Shot with an arrow by a deep elf master archer (30 damage)
             ... in the Dungeon (Sprint II: "The Violet Keep of Menkaure").
             The game lasted 00:09:25 (2756 turns).

Groucho the Unseen (Spriggan Enchanter)             Turns: 2756, Time: 00:09:26

Health: -3/39      AC:  4    Str:  8    XL:     9   Next: 66%
Magic:  22/26      EV: 23    Int: 17    God:    Dithmenos [***...]
Gold:   950        SH:  0    Dex: 15    Spells: 22/33 levels left

rFire   + + .      SeeInvis +   a - +1 dagger
rCold   . . .      Faith    .   (no shield)
rNeg    + . .      Spirit   .   c - +2 robe of the Prince of Darkness {rF++ rN+}
rPois   .          Reflect  .   (helmet restricted)
rElec   .          Harm     .   (no cloak)
rCorr   .          Rampage  .   (gloves unavailable)
Will    +....      Rage     1%  (boots unavailable)
Stlth   ++++++++++ NoTele   +   (no amulet)
HPRegen 0.13/turn               b - ring of flight
MPRegen 0.20/turn               (no ring)

@: flying, wreathed by umbra, very quick
A: very small, no large weapons, unfitting armour, see invisible, speed 3,
berserk 1, deterioration 1
a: Renounce Religion, Shadow Step


You were in the Dungeon.
You worshipped Dithmenos.
Dithmenos was most pleased with you.
You visited 1 branch You collected 1296 gold pieces.
You spent 346 gold pieces at shops.

Inventory:

Hand Weapons
 a - a +1 dagger (weapon)
Armour
 c - the +2 robe of the Prince of Darkness (worn) {rF++ rN+}
   (You bought it in a shop in the Dungeon)

   rF:        It greatly protects you from fire.
   rN:        It protects you from negative energy.
Jewellery
 b - a ring of flight (left hand)
Scrolls
 e - a scroll of fog {unknown}
Potions
 d - a potion of curing
 f - 2 potions of attraction {unknown}
 g - 2 potions of magic


   Skills:
 + Level 8.9 Short Blades
 + Level 10.8 Dodging
 + Level 19.4 Stealth
 + Level 12.9 Spellcasting
 + Level 13.1 Hexes


You had 22 spell levels left.
You knew the following spells:

 Your Spells              Type           Power      Damage    Failure   Level
a - Ensorcelled Hibernat  Hex/Ice        66%        N/A       1%          2
b - Confusing Touch       Hex            54%        N/A       1%          3
c - Tukima's Dance        Hex            54%        N/A       1%          3
d - Dazzling Flash        Conj/Hex       66%        N/A       1%          3

Your spell library contained the following spells:

 Spells                   Type           Power      Damage    Failure   Level


Dungeon Overview and Level Annotations

Branches:
Dungeon (1/1)

Altars:
Cheibriados
Dithmenos
Elyvilon
Fedhas
Gozag
Hepliaklqana
Kikubaaqudgha
Makhleb
Nemelex Xobeh
Okawaru
Qazlal
Ru
Sif Muna
Trog
Uskayaw
Vehumet
Wu Jian
Xom
Yredelemnul
Zin
The Shining One
Beogh
Jiyva
Lugonu

Shops:
D [:?!![:??=(!=(:

Annotations:
D exclusion: oklob plant


Innate Abilities, Weirdness & Mutations

You are very small and have problems with some larger weapons.
You are too small for most types of armour.
You have supernaturally acute eyesight. (SInv)
You cover ground extremely quickly. (Speed+++)
You tend to lose your temper in combat.
Your body sometimes deteriorates upon taking damage.


Message History

Ouch! That really hurt!
You emit a cloud of dark smoke.
There is an open door, spattered with blood here.
You start resting.
Magic restored.
You start resting.
You start resting.
HP restored.
You start waiting.
You start waiting.
You start waiting.
Done waiting.
You start waiting.
Done waiting.
Really fly into that net trap?
You avoid being caught in a net.
There is a net trap, spattered with blood here.
Unknown command.
Casting: Ensorcelled Hibernation (safe; 1% risk of failure)
Confirm with . or Enter, or press ? or * to list all spells.
Aiming: Ensorcelled Hibernation (safe; 1% risk of failure)
Press: ? - help, Shift-Dir - straight line, f/p - deep elf master archer
Aim: a deep elf master archer, wielding a +0 longbow, wearing a +0 leather armour and quivering arrows (black smoke, wandering, hasn't noticed you, umbra, chance to affect: 6%)
The deep elf master archer shouts!
The deep elf master archer resists with almost no effort.
Casting: Ensorcelled Hibernation (safe; 1% risk of failure)
Confirm with . or Enter, or press ? or * to list all spells.
Okay, then.
Casting: Ensorcelled Hibernation (safe; 1% risk of failure)
Confirm with . or Enter, or press ? or * to list all spells.
Aiming: Ensorcelled Hibernation (safe; 1% risk of failure)
Press: ? - help, Shift-Dir - straight line, f/p - deep elf master archer
Aim: a deep elf master archer, wielding a +0 longbow, wearing a +0 leather armour and quivering arrows (umbra, chance to affect: 6%)
The deep elf master archer resists with almost no effort.
The deep elf master archer shoots an arrow.
The arrow hits you!
The deep elf master archer shoots an arrow.
The arrow hits you!!
Ouch! That really hurt!
You die...

##++## # ##≈..^### ≈##
#e§.....# #≈≈#+++
####@^..# ## ≈≈≈... ..
#..'....# k#
≈≈≈≈.##+##..#..####.# .#
≈≈≈≈##...##.####..†.##.#
≈≈≈≈#..#..# ...#..#†..####
≈≈####.#.####..#####..##.#


(?($: ≈##.###'###.##..#..'..#..#▓$[$$[ ≈#.#.##.###..#..#..#..#..#▓)))($
≈'##.'.<.'.##'..####..##)#▓)[[(! You could see a deep elf master archer.

Vanquished Creatures
  2 unseen horrors (D)
  A yaktaur (D)
  A hornet (D)
  3 polar bears (D)
  4 neqoxecs (D)
  Menkaure (D)
  A swamp drake (D)
  3 black bears (D)
  4 necrophages (D)
  4 scorpions (D)
  A spectral adder (D)
  3 worms (D)
  A spectral giant cockroach (D)
29 creatures vanquished.

Vanquished Creatures (others)
  A water moccasin (D)
1 creature vanquished.

Grand Total: 30 creatures vanquished

Notes
Turn   | Place    | Note
-------+----------+-------------------------------------------
     0 | D        | Groucho the Spriggan Enchanter began the quest for the Orb.
     0 | D        | Reached XP level 1. HP: 9/9 MP: 5/5
     1 | D        | Noticed a neqoxec
     1 | D        | Noticed a neqoxec
     1 | D        | Noticed a neqoxec
     1 | D        | Noticed a neqoxec
    16 | D        | Killed a neqoxec
    17 | D        | Reached skill level 11 in Stealth
    17 | D        | Reached XP level 2. HP: 13/13 MP: 5/10
    17 | D        | Reached XP level 3. HP: 16/16 MP: 6/12
    17 | D        | Reached XP level 4. HP: 21/21 MP: 6/13
    17 | D        | Reached XP level 5. HP: 24/24 MP: 6/15
    21 | D        | Killed a neqoxec
    22 | D        | Reached skill level 14 in Stealth
    27 | D        | Killed a neqoxec
    28 | D        | Reached skill level 15 in Stealth
    28 | D        | Reached XP level 6. HP: 28/28 MP: 6/18
    36 | D        | Gained mutation: Your body sometimes deteriorates upon
                  | taking damage. [a neqoxec]
    39 | D        | Gained mutation: You tend to lose your temper in combat. [a
                  | neqoxec]
    51 | D        | Killed a neqoxec
   306 | D        | Killed a water moccasin
   416 | D        | Learned a level 2 spell: Ensorcelled Hibernation
   420 | D        | Learned a level 3 spell: Confusing Touch
   424 | D        | Learned a level 3 spell: Tukima's Dance
   428 | D        | Learned a level 3 spell: Dazzling Flash
   438 | D        | Reached skill level 16 in Stealth
   438 | D        | Reached XP level 7. HP: 32/32 MP: 17/21
   443 | D        | Reached skill level 5 in Dodging
   443 | D        | Reached skill level 10 in Hexes
   447 | D        | Reached skill level 10 in Spellcasting
   682 | D        | Reached skill level 5 in Short Blades
   682 | D        | Reached skill level 17 in Stealth
   684 | D        | Reached XP level 8. HP: 36/36 MP: 21/23
   974 | D        | Found Ovoirugu's Book Shop.
   974 | D        | Found Rutui's Jewellery Shop.
   974 | D        | Found Qok Xejoju's Magic Scroll Boutique.
   974 | D        | Found Ropliu's Distillery.
   974 | D        | Found Xynair's Antique Weapon Boutique.
   974 | D        | Found Icu Ozutof's Magic Scroll Shop.
   974 | D        | Found Ygaamin's Antique Weapon Shop.
   974 | D        | Found Jeigeirph's Book Boutique.
   975 | D        | Found Mukkugg's Distillery.
   976 | D        | Found Oqorunno's Jewellery Shop.
   976 | D        | Found Ymut Dur's Antique Armour Boutique.
   976 | D        | Noticed Menkaure
   996 | D        | Killed Menkaure
   998 | D        | Found Laamnon's Distillery.
   998 | D        | Found Fianlynn's Magic Scroll Shop.
   998 | D        | Noticed an oklob plant
   999 | D        | Found Zizuf's Book Shoppe.
   999 | D        | Found Weogeu's Antique Armour Boutique.
  1000 | D        | Noticed an ice dragon
  1004 | D        | Noticed an iron elemental
  1031 | D        | Bought a twisted robe for 119 gold pieces
  1031 | D        | Identified the +2 robe of the Prince of Darkness {rF++ rN+}
                  | (You bought it in a shop in the Dungeon)
  1068 | D        | Bought a ring of flight for 227 gold pieces
  1092 | D        | Found a snail-covered altar of Cheibriados.
  1093 | D        | Found a shadowy altar of Dithmenos.
  1094 | D        | Found a white marble altar of Elyvilon.
  1094 | D        | Found an ancient bone altar of Kikubaaqudgha.
  1094 | D        | Found a viscous altar of Jiyva.
  1095 | D        | Found a blossoming altar of Fedhas.
  1095 | D        | Found a corrupted altar of Lugonu.
  1095 | D        | Found a shimmering blue altar of Sif Muna.
  1096 | D        | Found an opulent altar of Gozag.
  1096 | D        | Found a burning altar of Makhleb.
  1096 | D        | Found a bloodstained altar of Trog.
  1097 | D        | Found a sparkling altar of Nemelex Xobeh.
  1097 | D        | Found a hide-covered altar of Uskayaw.
  1098 | D        | Found a basalt altar of Yredelemnul.
  1099 | D        | Found a glowing silver altar of Zin.
  1099 | D        | Found a radiant altar of Vehumet.
  1099 | D        | Found a sacrificial altar of Ru.
  1099 | D        | Found a hazy altar of Hepliaklqana.
  1099 | D        | Found a shimmering altar of Xom.
  1099 | D        | Found an iron altar of Okawaru.
  1099 | D        | Found a stormy altar of Qazlal.
  1099 | D        | Found an ornate altar of the Wu Jian Council.
  1099 | D        | Found a glowing golden altar of the Shining One.
  1100 | D        | Became a worshipper of Dithmenos the Shadowed
  1104 | D        | Noticed a yaktaur
  1104 | D        | Noticed a hornet
  1104 | D        | Noticed a polar bear
  1106 | D        | Noticed a polar bear
  1118 | D        | Killed a polar bear
  1118 | D        | Noticed a polar bear
  1135 | D        | Killed a polar bear
  1145 | D        | Killed a hornet
  1145 | D        | Reached * piety under Dithmenos
  1146 | D        | Reached skill level 18 in Stealth
  1152 | D        | Killed a polar bear
  1153 | D        | Reached XP level 9. HP: 30/39 MP: 19/25
  1180 | D        | Killed a yaktaur
  1505 | D        | Noticed a death drake
  2145 | D        | Reached ** piety under Dithmenos
  2161 | D        | Reached skill level 10 in Dodging
  2171 | D        | Reached *** piety under Dithmenos
  2172 | D        | Reached skill level 19 in Stealth
  2239 | D        | Noticed a deep elf master archer
  2242 | D        | Noticed an unseen horror
  2242 | D        | Noticed an unseen horror
  2244 | D        | Killed an unseen horror
  2246 | D        | Killed an unseen horror
  2756 | D        | Shot with an arrow by a deep elf master archer

Illustrated notes

Levels and vault maps discovered:
D:        the_violet_keep_of_menkaure [sprint2_stairs_cluster_1,
          sprint2_shoproom, sprint2_temple, sprint2_basic_supplies,
          sprint2_obstacle_2, sprint2_obstacle_5, sprint2_obstacle_6,
          sprint2_obstacle_3, sprint2_obstacle_7, sprint2_timed_cluster_1,
          sprint2_smallroom_cluster_1, sprint2_smallroom_final_cluster_1,
          sprint2_transparent_cluster_1, sprint2_second_timed_cluster_1,
          sprint2_sniper_area_1, sprint2_heavy_combat_area_1,
          sprint2_mutation_trap_area_1, sprint2_forest_area_1,
          sprint2_light_combat_area_1, sprint2_behind_water_1,
          sprint2_near_end_vault_1]

Skill      XL: |  1  2  3  4  5  6  7  8  9 |
---------------+----------------------------+-----
Stealth        | 11 15 16 17 18 19 | 19.4
Spellcasting   | 6 8 9 10 11 12 | 12.9
Hexes          | 7 9 10 12 13 | 13.1
Short Blades   | 3 5 7 8 |  8.9
Dodging        | 4 6 9 10 | 10.8

Action                   |  1- 3 |  4- 6 |  7- 9 || total
-------------------------+-------+-------+-------++-------
Melee: Dagger            |    11 |    37 |    94 ||   142
       Punch             |       |     1 |     3 ||     4
 Cast: Confusing Touch   |       |     1 |     8 ||     9
       Ensorcelled Hiber |       |       |    19 ||    19
  Use: Potion            |     2 |     1 |     1 ||     4
       Scroll            |       |       |     1 ||     1
 Stab: Invisible         |     4 |     3 |       ||     7
       Confused          |       |     1 |     8 ||     9
       Sleeping          |       |       |    14 ||    14
Armor: Robe              |       |     1 |     7 ||     8
Dodge: Dodged            |     2 |    13 |    88 ||   103
